 Dungeon Crawl Stone Soup version 0.23.2-1-ga50397a6bc (webtiles) character file.

Game seed: 8598337262396383416

996 Mrkan the Grappler (level 7, -5/67 HPs)
             Began as a Troll Monk on May 21, 2019.
             Was a Believer of Wu Jian.
             Slain by a two-headed ogre
             ... wielding a +0 giant club
              (28 damage)
             ... on level 5 of the Dungeon.
             The game lasted 00:08:41 (3728 turns).

Mrkan the Grappler (Troll Monk)                     Turns: 3728, Time: 00:08:41

Health: -5/67      AC:  6    Str: 20    XL:     7   Next: 99%
Magic:  6/6        EV: 10    Int:  6    God:    Wu Jian [**....]
Gold:   223        SH:  0    Dex: 14    Spells: 6/6 levels left

rFire    . . .     SeeInvis .     - Unarmed
rCold    . . .     Gourm    +   (no shield)
rNeg     . . .     Faith    .   a - +0 robe
rPois    .         Spirit   .   (helmet restricted)
rElec    .         Reflect  .   (no cloak)
rCorr    .         Harm     .   (gloves unavailable)
MR       .....                  (boots unavailable)
Stlth    ++........             (no amulet)
HPRegen  0.61/turn              (no ring)
MPRegen  0.10/turn              (no ring)

@: no status effects
A: large, unfitting armour, claws 3, fast metabolism 3, gourmand, regeneration
1, shaggy fur 1, tough skin 3
a: Wall Jump, Renounce Religion


You were on level 5 of the Dungeon.
You worshipped Wu Jian.
Wu Jian was pleased with you.
You were very full.

You visited 2 branches of the dungeon, and saw 6 of its levels.
You also visited: Ossuary.

You collected 223 gold pieces.

Inventory:

Hand Weapons
 e - a +0 hand axe of flaming
Armour
 a - a +0 robe (worn)
 A - a cursed +0 robe
Wands
 r - a wand of iceblast (5)
 y - a wand of acid (9)
Scrolls
 c - a scroll of identify
 d - a scroll of amnesia
 f - 7 scrolls of remove curse
 j - a scroll of immolation
 k - 2 scrolls of teleportation {unknown}
 m - 3 scrolls of magic mapping
 n - a scroll of enchant armour {unknown}
 o - a scroll of random uselessness {unknown}
 p - a scroll of blinking {unknown}
 t - a scroll of vulnerability {unknown}
 z - a scroll of fog {unknown}
Potions
 g - 3 potions of heal wounds
 h - 2 potions of agility
 i - 2 potions of lignification
 l - a potion of might
 q - 2 potions of flight
 s - a potion of cancellation
 u - 2 potions of brilliance
 v - a potion of invisibility
 w - 2 potions of curing
 x - a potion of haste
Comestibles
 b - 16 rations


   Skills:
 + Level 3.3 Fighting
 + Level 2.1 Throwing
 - Level 2.4 Dodging
 - Level 1.0 Stealth
 - Level 9.0 Unarmed Combat


You had 6 spell levels left.
You didn't know any spells.
Your spell library was empty.

Dungeon Overview and Level Annotations

Branches:
Dungeon (5/15)             Temple (1/1) D:4

Altars:
Cheibriados
Dithmenos
Elyvilon
Kikubaaqudgha
Qazlal
Ru
Sif Muna
Trog
Uskayaw
Wu Jian
Xom
Yredelemnul
The Shining One


Innate Abilities, Weirdness & Mutations

You are too large for most types of armour.
You have claws for hands.
Your metabolism is lightning-fast.
You like to eat raw meat.
Your natural rate of healing is unusually fast.
You are covered in fur. (AC +1)
You have extremely tough skin. (AC +3)


Message History

You barely miss the two-headed ogre.
The two-headed ogre is moderately wounded.
The two-headed ogre hits you with a +0 giant club!
The two-headed ogre hits you with a +0 giant spiked club.
You scratch the two-headed ogre.
The two-headed ogre is moderately wounded.
You claw the two-headed ogre!
The two-headed ogre is heavily wounded.
The two-headed ogre barely misses you. The two-headed ogre closely misses you.
Aiming: Wall Jump
Press: ? - help, Dir - move target cursor You repeatedly attack the two-headed ogre from above.
You scratch the two-headed ogre.
The two-headed ogre is heavily wounded.
You scratch the two-headed ogre.
The two-headed ogre is heavily wounded.
The two-headed ogre hits you with a +0 giant club!
The two-headed ogre barely misses you.
The two-headed ogre hits you with a +0 giant club!!
You die...

### #..## ###...# #...○O# ##
#...°@## ##.#
####..#○○°#####..#
##................. ##
##...............#..#####.#
###..#........._...#....#....
#.#................#.........
##..##..............####......
##....#....###.........###.....
#..........# #...###..###......


You could see a two-headed ogre.

Vanquished Creatures
  An ice beast (D:4)
  2 ogres (D:5)
  A scorpion (D:5)
  3 crimson imps (D:5)
  A bullfrog zombie (D:5)
  An orc priest (D:4)
  A centaur skeleton (D:4)
  2 orc wizards (D:4)
  13 mummies (Ossuary)
  10 gnolls (D:3)
  4 adders
  2 oozes
  An adder skeleton (D:4)
  An adder zombie (D:5)
  2 worms
  A dart slug (D:2)
  6 leopard geckos
  12 orcs
  A ball python (D:2)
  10 bats
  6 giant cockroaches
  12 hobgoblins
  6 jackals
  2 kobolds
  A quokka (D:5)
  A giant cockroach zombie (D:2)
  3 gnoll skeletons (Ossuary)
  8 goblins
  2 goblin skeletons (Ossuary)
  A kobold skeleton (Ossuary)
  2 orc skeletons (Ossuary)
  A quokka skeleton (D:4)
  5 rats
  11 rat skeletons (Ossuary)
136 creatures vanquished.

Notes
Turn   | Place    | Note
-------+----------+-------------------------------------------
     0 | D:1      | Mrkan the Troll Monk began the quest for the Orb.
     0 | D:1      | Reached XP level 1. HP: 22/22 MP: 0/0
   278 | D:1      | Reached XP level 2. HP: 17/29 MP: 1/1
   831 | D:2      | Reached skill level 4 in Unarmed Combat
   885 | D:2      | Reached XP level 3. HP: 23/36 MP: 2/2
  1412 | D:3      | Found a sacrificial altar of Ru.
  1429 | D:3      | Reached XP level 4. HP: 44/44 MP: 3/3
  1467 | D:3      | Reached skill level 5 in Unarmed Combat
  1712 | D:3      | Reached XP level 5. HP: 23/50 MP: 4/4
  1722 | D:3      | Reached skill level 6 in Unarmed Combat
  1933 | D:3      | HP: 2/50 [gnoll/+0 flail (14)]
  2178 | D:4      | Found a deep blue altar of Sif Muna.
  2302 | D:4      | Noticed an ice beast
  2334 | D:4      | Killed an ice beast
  2334 | D:4      | Reached skill level 7 in Unarmed Combat
  2334 | D:4      | Reached XP level 6. HP: 59/59 MP: 5/5
  2381 | D:4      | Found a sand-covered staircase.
  2428 | Ossuary  | Entered an ossuary
  2825 | D:4      | Found a staircase to the Ecumenical Temple.
  2837 | D:4      | Reached skill level 8 in Unarmed Combat
  2837 | D:4      | Reached XP level 7. HP: 61/66 MP: 6/6
  2856 | Temple   | Entered the Ecumenical Temple
  3088 | Temple   | Became a worshipper of the Wu Jian Council
  3088 | Temple   | Reached * piety under Wu Jian
  3088 | Temple   | Reached ** piety under Wu Jian
  3382 | D:5      | Entered Level 5 of the Dungeon
  3474 | D:5      | Reached skill level 9 in Unarmed Combat
  3501 | D:5      | Reached skill level 1 in Throwing
  3594 | D:5      | Found a shimmering altar of Xom.
  3627 | D:5      | Noticed a two-headed ogre
  3728 | D:5      | Slain by a two-headed ogre

Skill      XL: |  1  2  3  4  5  6  7 |
---------------+----------------------+-----
Unarmed Combat | 4 5 7 8 9 |  9.0
Throwing       | 2 |  2.1
Fighting       | 3 |  3.3
Dodging        | |  2.4
Stealth        | |  1.0

Action                   |  1- 3 |  4- 6 |  7- 9 || total
-------------------------+-------+-------+-------++-------
Melee: Unarmed           |    72 |   214 |    64 ||   350
       Punch             |     2 |     5 |     2 ||     9
Invok: Lunge             |       |       |     3 ||     3
       Whirlwind         |       |       |     2 ||     2
 Abil: Wall Jump         |       |       |     2 ||     2
  Use: Potion            |       |     2 |       ||     2
       Scroll            |       |       |    14 ||    14
 Stab: Sleeping          |     4 |     3 |       ||     7
  Eat: Chunk             |    10 |    15 |    10 ||    35
       Ration            |     1 |       |       ||     1
Armor: Robe              |    18 |    93 |     9 ||   120
Dodge: Dodged            |    43 |   106 |    24 ||   173
